 Dungeon Crawl Stone Soup version 0.28-a0-1312-g71652a0310 (webtiles) character file.

Game seed: 9130124440245504902

8386 rogsnak the Destroyer (level 11, -1/69 HPs)
             Began as a Demonspawn Air Elementalist on Dec 27, 2021.
             Was a Priest of Sif Muna.
             Shot with an arrow by a centaur warrior (16 damage)
             ... on level 9 of the Dungeon on Dec 28, 2021.
             The game lasted 00:23:56 (7768 turns).

rogsnak the Destroyer (Demonspawn Air Elementalist) Turns: 7768, Time: 00:23:56

Health: -1/69      AC: 11    Str:  8    XL:     11   Next: 9%
Magic:  29/33      EV: 12    Int: 22    God:    Sif Muna [***...]
Gold:   578        SH:  4    Dex: 13    Spells: 15/28 levels left

rFire   + . .      SeeInvis .   C - staff of conjuration
rCold   + . .      Faith    .   (no shield)
rNeg    . . .      Spirit   .   m - +1 robe {rC+ rF+}
rPois   .          Reflect  .   (helmet restricted)
rElec   .          Harm     .   z - +0 cloak
rCorr   .          Rampage  .   (no gloves)
Will    .....                   g - +2 pair of boots
Stlth   ++........              j - amulet of magic regeneration
HPRegen 0.21/turn               s - ring of magical power
MPRegen 0.63/turn               X - +4 ring of protection

@: no status effects
A: antennae 1, large bone plates 1, powered by death 3, demonic magic 1
a: Renounce Religion, Channel Magic, Forget Spell


You were on level 9 of the Dungeon.
You worshipped Sif Muna.
Sif Muna was most pleased with you.
You visited 2 branches of the dungeon, and saw 10 of its levels.

You collected 578 gold pieces.

Inventory:

Hand Weapons
 b - a +5 long sword
 Y - a +2 dagger of venom
Missiles
 a - a curare-tipped dart
 c - 85 poisoned darts
 e - 6 boomerangs of dispersal
 i - 6 boomerangs
 F - a throwing net
Armour
 g - a +2 pair of boots (worn)
 l - a +0 buckler
 m - a +1 robe of resistance (worn)
 z - a +0 cloak (worn)
 E - a +0 kite shield
 H - a +2 robe of willpower
Magical Staves
 C - a staff of conjuration (weapon)
 I - a staff of poison
Jewellery
 j - an amulet of magic regeneration (around neck)
 s - a ring of magical power (left hand)
 D - a ring of ice
 O - a ring of see invisible
 S - a ring of protection from fire
 X - a +4 ring of protection (right hand)
Wands
 U - a wand of polymorph (7)
Scrolls
 d - a scroll of magic mapping {unknown}
 f - 3 scrolls of teleportation
 h - 4 scrolls of identify {unknown}
 n - 2 scrolls of vulnerability {unknown}
 t - a scroll of fog {unknown}
 u - 2 scrolls of amnesia {unknown}
 x - 3 scrolls of enchant armour {unknown}
 G - a scroll of acquirement {unknown}
 J - a scroll of summoning {unknown}
 K - 2 scrolls of noise {unknown}
 N - a scroll of silence {unknown}
 Q - a scroll of fear {unknown}
 V - a scroll of blinking {unknown}
 W - a scroll of holy word {unknown}
Potions
 k - a potion of flight {unknown}
 o - a potion of brilliance {unknown}
 p - 2 potions of curing
 r - 2 potions of attraction {unknown}
 v - a potion of ambrosia {unknown}
 B - 4 potions of mutation {unknown}
 L - 4 potions of lignification {unknown}
 P - 4 potions of haste {unknown}
 R - a potion of might {unknown}
 T - 2 potions of cancellation {unknown}


   Skills:
 + Level 0.3 Fighting
 + Level 2.6 Dodging
 - Level 1.8 Stealth
 + Level 9.4 Spellcasting
 * Level 11.1 Conjurations
 + Level 8.2 Air Magic


You had 15 spell levels left.
You knew the following spells:

 Your Spells              Type           Power      Damage    Failure   Level
a - Shock                 Conj/Air       100%       1d9       1%          1
b - Swiftness             Air            46%        N/A       1%          3
c - Airstrike             Air            23%        N/A       2%          4
d - Iskenderun's Battles  Conj           73%        2d12      1%          5

Your spell library contained the following spells:

 Spells                   Type           Power      Damage    Failure   Level
 Static Discharge         Conj/Air       68%        N/A       1%          2
 Summon Small Mammal      Summ           40%        N/A       6%          1
 Call Canine Familiar     Summ           10%        N/A       19%         3
 Summon Guardian Golem    Hex/Summ       10%        N/A       19%         3
 Orb of Destruction       Conj           36%        9d13      50%         7
 Animate Dead             Necr           5%         N/A       54%         4
 Iron Shot                Conj/Erth      25%        9d5       69%         6
 Borgnjor's Vile Clutch   Necr/Erth      5%         N/A       87%         5
 Spellforged Servitor     Conj/Summ      25%        N/A       99%         7
 Death Channel            Necr           5%         N/A       100%        6


Dungeon Overview and Level Annotations

Branches:
Dungeon (9/15)             Temple (1/1) D:5
   Lair: D:8-11         Orc: D:9-12

Altars:
Elyvilon
Qazlal
Sif Muna
Wu Jian
The Shining One

Annotations:
D:3 3 runed translucent doors, gimp's ghost, amateur DgWn
D:7 3 runed translucent doors, Adrian566's ghost, novice OpFi; Encipher's ghost, novice DsFi; Urgle's ghost, novice MiFi; r3xj's ghost, novice MiFi


Innate Abilities, Weirdness & Mutations

You have a pair of small antennae on your head.
You are partially covered in large bone plates. (SH +4)
You regenerate a lot of health from kills.
Spells you cast may paralyse adjacent enemies.


Message History

Press: ? - help, Shift-Dir - straight line, f/p - centaur warrior
Aim: a centaur warrior, wielding a +0 shortbow and quivering arrows (moderately wounded, ally target, 81% to hit)
You feel a surge of power!
The zap misses the centaur warrior.
Malevolent energies surge around you.
Your battlesphere fires!
The barrage of energy hits the centaur warrior!
The centaur warrior is heavily wounded.
The centaur warrior shoots an arrow.
The arrow hits you!
The centaur warrior shoots an arrow.
The arrow hits you.
A wizard comes into view. It is wielding a +0 dagger.
Unknown command.
Casting: Shock (safe; 1% risk of failure)
Confirm with . or Enter, or press ? or * to list all spells.
Aiming: Shock (safe; 1% risk of failure)
Press: ? - help, Shift-Dir - straight line, f/p - centaur warrior
Aim: a centaur warrior, wielding a +0 shortbow and quivering arrows (heavily wounded, ally target, 81% to hit)
You feel a surge of power!
The zap hits the centaur warrior!
The centaur warrior is severely wounded.
Malevolent energies surge around you.
Your battlesphere fires!
The barrage of energy hits the centaur warrior!
The centaur warrior is almost dead.
The centaur warrior shoots an arrow.
The arrow hits your battlesphere!!
Your battlesphere is destroyed!
Unknown command.
Unknown command.
Casting: Shock (safe; 1% risk of failure)
Confirm with . or Enter, or press ? or * to list all spells.
Aiming: Shock (safe; 1% risk of failure)
Press: ? - help, Shift-Dir - straight line, f/p - centaur warrior
Aim: a centaur warrior, wielding a +0 shortbow and quivering arrows (almost dead, 81% to hit)
Okay, then.
Casting: Shock (safe; 1% risk of failure)
Confirm with . or Enter, or press ? or * to list all spells.
You feel a surge of power!
You conjure a globe of magical energy.
Malevolent energies surge around you.
The centaur warrior shoots an arrow.
The arrow hits you!
* * * LOW HITPOINT WARNING * * *
The centaur warrior shoots an arrow.
The arrow hits you!
You die...

########### ######
#.........############....#
#.........................#
#..#######.)#.##.#######..#
#..#Pc.. #.##.#..# .P#..#
...#.###.#.##..#.# +#.#..#
##.# +$#.'..#.#..# "#.#..##
#.#.###.#.#...#.# ##c#...#
##.#P...P#.#..##@# ..P#...#
...#######.#.#.#.###'###...#
##.........#####*c.c.......#
#.##.#..##.##...###.##....#
#.# #.#....#..#.....†....#
#.####..#####.#.##.###...##
#..#.##...#..#.#.........#
#.#.###÷##.##.#..####.#..#
##......)..#[.#....####..##


You could see a centaur warrior and a friendly battlesphere.

Vanquished Creatures
  A centaur warrior (D:9)
  Grinder (D:5)
  A hornet (D:4)
  Eustachio (D:5)
  2 wyverns (D:9)
  26 yaks
  A water moccasin (D:6)
  Edmund (D:5)
  2 ice beasts (D:7)
  2 orc warriors
  A sky beast (D:7)
  4 necrophages
  3 centaurs
  3 ogres (D:5)
  A phantom (D:3)
  4 kobold brigands
  2 bullfrogs
  3 killer bees (D:8)
  6 wights (D:9)
  2 howler monkeys
  2 bullfrog zombies
  An orc priest (D:9)
  Crazy Yiuf (D:3)
  2 centaur skeletons
  A gnoll shaman (D:6)
  A hound (D:5)
  A jelly (D:6)
  A bullfrog skeleton (D:7)
  4 iguanas
  5 orc wizards
  2 hound skeletons
  2 howler monkey zombies
  4 gnolls (D:6)
  A howler monkey skeleton (D:7)
  9 adders
  2 shadow imps
  A white imp (D:8)
  An adder skeleton (D:4)
  A worm (D:5)
  7 dart slugs (D:3)
  7 orcs
  8 ball pythons
  4 endoplasms (D:2)
  A giant cockroach (D:1)
  2 goblins
  2 hobgoblins
  5 jackals
  6 quokkas
  12 bats
  2 frilled lizards
  11 kobolds
  3 rats
179 creatures vanquished.

Vanquished Creatures (others)
  A withered plant (D:7)
1 creature vanquished.

Grand Total: 180 creatures vanquished

Notes
Turn   | Place    | Note
-------+----------+-------------------------------------------
     0 | D:1      | rogsnak the Demonspawn Air Elementalist began the quest for
                  | the Orb.
     0 | D:1      | Reached XP level 1. HP: 13/13 MP: 3/3
   166 | D:1      | Gained mutation: You regenerate a little health from kills.
                  | [demonic ancestry]
   166 | D:1      | Reached XP level 2. HP: 19/19 MP: 3/5
  1192 | D:2      | Gained mutation: You regenerate health from kills. [demonic
                  | ancestry]
  1192 | D:2      | Reached XP level 3. HP: 24/24 MP: 1/6
  1341 | D:2      | Reached skill level 2 in Conjurations
  2169 | D:3      | Noticed a phantom
  2190 | D:3      | Killed a phantom
  2191 | D:3      | Reached skill level 3 in Conjurations
  2191 | D:3      | Reached XP level 4. HP: 19/30 MP: 0/7
  2252 | D:3      | Reached XP level 5. HP: 35/35 MP: 4/8
  2433 | D:3      | Learned a level 3 spell: Swiftness
  2438 | D:3      | Learned a level 4 spell: Airstrike
  2624 | D:3      | Found a runed translucent gate.
  2624 | D:3      | Found a runed translucent gate.
  2624 | D:3      | Found a runed translucent gate.
  2625 | D:3      | Noticed gimp's ghost (amateur DgWn)
  2796 | D:3      | Found a faded altar of an unknown god.
  2986 | D:3      | Found a runed translucent door.
  2987 | D:3      | Noticed Crazy Yiuf
  3005 | D:3      | Killed Crazy Yiuf
  3206 | D:4      | Noticed a necrophage
  3215 | D:4      | Killed a necrophage
  3216 | D:4      | Reached skill level 4 in Conjurations
  3216 | D:4      | Reached XP level 6. HP: 39/41 MP: 10/10
  3536 | D:4      | Noticed a hornet
  3542 | D:4      | Killed a hornet
  3543 | D:4      | Reached XP level 7. HP: 46/46 MP: 9/12
  3736 | D:4      | Reached skill level 5 in Conjurations
  3889 | D:5      | Entered Level 5 of the Dungeon
  3889 | D:5      | Noticed Eustachio
  3894 | D:5      | Killed Eustachio
  3975 | D:4      | Reached skill level 5 in Air Magic
  4046 | D:5      | Noticed Edmund
  4056 | D:5      | Killed Edmund
  4091 | D:5      | Reached skill level 5 in Spellcasting
  4091 | D:5      | Gained mutation: You regenerate a lot of health from kills.
                  | [demonic ancestry]
  4091 | D:5      | Reached XP level 8. HP: 53/53 MP: 12/15
  4138 | D:5      | Learned a level 5 spell: Iskenderun's Battlesphere
  4166 | D:5      | Found a staircase to the Ecumenical Temple.
  4194 | Temple   | Entered the Ecumenical Temple
  4343 | Temple   | Became a worshipper of Sif Muna the Loreminder
  4435 | D:5      | Noticed Grinder
  4462 | D:5      | Killed Grinder
  4463 | D:5      | Reached skill level 6 in Conjurations
  5424 | D:6      | Gained mutation: You are partially covered in large bone
                  | plates. (SH +4) [demonic ancestry]
  5424 | D:6      | Reached XP level 9. HP: 58/58 MP: 16/18
  5761 | D:7      | Reached skill level 7 in Conjurations
  5957 | D:7      | Found a runed translucent gate.
  5957 | D:7      | Found a runed translucent gate.
  5957 | D:7      | Found a runed translucent gate.
  5957 | D:7      | Noticed Encipher's ghost (novice DsFi)
  5958 | D:7      | Noticed Adrian566's ghost (novice OpFi)
  5959 | D:7      | Noticed r3xj's ghost (novice MiFi)
  5959 | D:7      | Noticed Urgle's ghost (novice MiFi)
  6274 | D:8      | Reached * piety under Sif Muna
  6493 | D:8      | Reached skill level 8 in Conjurations
  6857 | D:9      | Gained mutation: Spells you cast may paralyse adjacent
                  | enemies. [demonic ancestry]
  6857 | D:9      | Reached XP level 10. HP: 64/64 MP: 22/22
  6957 | D:9      | Reached skill level 9 in Conjurations
  6965 | D:9      | Reached ** piety under Sif Muna
  6979 | D:9      | Reached skill level 10 in Conjurations
  7290 | D:9      | Noticed a brown ugly thing
  7570 | D:9      | Noticed a skeletal warrior
  7619 | D:9      | Noticed a centaur warrior
  7627 | D:9      | Killed a centaur warrior
  7627 | D:9      | Reached *** piety under Sif Muna
  7628 | D:9      | Reached skill level 11 in Conjurations
  7628 | D:9      | Gained mutation: You have a pair of small antennae on your
                  | head. [demonic ancestry]
  7628 | D:9      | Reached XP level 11. HP: 62/69 MP: 24/24
  7759 | D:9      | Noticed a centaur warrior
  7765 | D:9      | Noticed a wizard
  7768 | D:9      | Shot with an arrow by a centaur warrior

Illustrated notes

Levels and vault maps discovered:
D:1:      tarquinn_simple_flora_water_e, layout_loops_cross, minmay_octomino_e4
D:2:      layout_basic
D:3:      kennysheep_slugbush, layout_basic, ebering_ghost_rock_garden,
          dilly_ecumenical_altar_fadedgnrine, uniq_crazy_yiuf_cottage
D:4:      layout_basic
D:5:      layout_rooms, minmay_temple_entry_statues_pillars,
          hangedman_glass_teeth, uniq_grinder, uniq_edmund, uniq_eustachio
D:6:      layout_rooms
D:7:      layout_cave_pools, serial_glass, glass_columns_a, glass_columns_a,
          gammafunk_ghost_cemetery, minmay_circle_x
D:8:      layout_rooms, nicolae_benzene_ring
D:9:      layout_roguey, minmay_shattered_shrine
Temple:   mainiacjoe_temple_trianglar_array

Skill      XL: |  1  2  3  4  5  6  7  8  9 10 |
---------------+-------------------------------+-----
Air Magic      | 3 4 5 6 7 8 |  8.2
Conjurations   | 3 4 5 6 8 11 | 11.1
Dodging        | 2 |  2.6
Spellcasting   | 3 5 6 8 9 |  9.4
Fighting       | |  0.3
Stealth        | |  1.8

Action                   |  1- 3 |  4- 6 |  7- 9 | 10-12 || total
-------------------------+-------+-------+-------+-------++-------
Melee: Unarmed           |     1 |       |       |       ||     1
       Dagger            |    11 |       |       |       ||    11
       Spear             |     5 |       |       |       ||     5
       Trident           |     9 |       |       |       ||     9
       Quarterstaff      |       |     1 |     2 |       ||     3
       Staff             |       |       |     3 |     2 ||     5
 Cast: Shock             |    73 |    72 |   171 |    82 ||   398
       Airstrike         |       |     3 |    25 |     2 ||    30
       Iskenderun's Batt |       |       |    21 |    16 ||    37
  Use: Scroll            |       |       |     1 |       ||     1
Armor: Robe              |    11 |       |    14 |       ||    25
Dodge: Dodged            |    26 |    11 |    38 |     7 ||    82
Block: Other             |       |       |     5 |       ||     5

Table legend: (Time is in decaauts)
 A = Elapsed time spent in this place.
 B = Non-inter-level travel time spent in this place.
 C = Inter-level travel time spent in this place.
 D = Time resting spent in this place.
 E = Time spent auto-exploring this place.
 F = Levels seen in this place.
 G = Mean time per level.
                   A        B        C        D        E       F      G
               +--------+--------+--------+--------+--------+-----+--------+
         Total |   7781 |   7582 |    199 |    828 |   4548 |  10 |  778.1 |
       Dungeon |   7594 |   7395 |    199 |    828 |   4409 |   9 |  843.8 |
        Temple |    186 |    186 |      0 |      0 |    139 |   1 |  186.0 |
               +--------+--------+--------+--------+--------+-----+--------+

Top non-repeatable levels by time:
     D:2: 1175 daAuts
     D:4: 1017 daAuts
     D:1: 989 daAuts
     D:9: 971 daAuts
     D:3: 889 daAuts
     D:5: 831 daAuts
     D:7: 588 daAuts
     D:6: 573 daAuts
     D:8: 557 daAuts
  Temple: 186 daAuts
